cohdb
Replays
Latest Replays
All Replays
Popular Replays
Top Player Replays
Match Explorer
How It Works
Community
CoH3 Stats
Reddit
Sign in to upload your games and track your stats! →
Sign in with Steam
Match 41252168
Unlisted
Match 41252168
Overview
Messages
Build Orders
End
Construct Barracks
Riflemen Squad
Riflemen Squad
Riflemen Squad
Selects Special Operations Battlegroup
Selects M29 Weasel Recon Vehicle
Infantry Support Center
Riflemen Squad
Construct Motor Pool
Selects Mark Vehicle
Selects UNKNOWN (2162291)
Selects Smoke Screen
Smoke Screen
Construct Tank Depot
Selects SSF Commando Squad
SSF Commando Squad
Smoke Screen
M4A1 Sherman Whizbang
Mark Vehicle
M4A1 Sherman Whizbang
Smoke Screen
Engineer Squad
M4A1 Sherman Whizbang
Selects Assault Operation
Smoke Screen
Advanced Logistics
Mark Vehicle
Grenade Package
Smoke Screen
M4A1 Sherman Whizbang
M4A1 Sherman Whizbang
Chad Kensington
ryuklikesapples
Genius Malignus
UH|dun! ツ
Gremlin
Stubai
0
0
Comments
sign in to comment!
No comments posted yet!